Map: Apotheosis LE

Players

Firebat

  • Race: Zerg Zerg
  • League: Platinum

Tenonee

  • Race: Zerg Zerg
  • League: Diamond

Bob

  • Race: Zerg Zerg
  • League: Diamond

Khronus

  • Race: Zerg Zerg

VOD

Have the link to the VOD?

Description

Time

  • Played on: July 27, 2016, 4:48 a.m.
  • Length: 12:52
Show
View Real Time Build Order
Export as new Build Order

Firebat Zerg 

Build Orders: Pool First 

Get SALT Encoding   

  12  0:00  Drone  
  13  0:12  Overlord  
  13  0:17  Drone  
  14  0:31  Drone x2  
  16  0:36  Extractor  
  15  0:44  Spawning Pool  
  15  0:47  Drone  
  15  0:53  Drone  
  16  0:57  Drone  
  17  1:07  Drone  
  18  1:28  Hatchery  
  17  1:35  Metabolic Boost  
  17  1:38  Zergling x2  
  18  1:43  Zergling x2  
  18  1:45  Zergling x2  
  20  1:56  Queen  
  22  2:10  Overlord  
  22  2:30  Drone  
  22  2:31  Drone x2  
  25  2:39  Queen  
  25  2:41  Queen  
  30  2:44  Drone  
  30  2:56  Zergling x6  
  33  3:08  Overlord  
  33  3:12  Zergling x6  
  36  3:25  Overlord  
  33  3:48  Zergling x2  
  33  3:49  Zergling x10  
  38  4:02  Drone x2  
  40  4:08  Baneling Nest  
  40  4:09  Extractor  
  38  4:21  Queen  
  38  4:31  Zergling x2  
  38  4:32  Zergling x10  
  38  4:35  Overlord x2  
  40  5:05  Zergling x2  
  40  5:06  Zergling x20  
  38  5:38  Drone x5  
  43  5:47  Baneling  
  43  5:48  Baneling x13  
  43  5:51  Baneling x2  
  43  6:01  Zergling x2  
  43  6:02  Zergling x6  
  45  6:23  Zergling x2  
  45  6:24  Zergling x10  
  42  6:39  Drone x2  
  42  6:48  Drone x2  
  42  7:09  Zergling x2  
  42  7:10  Zergling x14  
  42  7:13  Overlord  
  48  7:23  Spore Crawler  
  48  7:25  Spore Crawler  
  48  7:28  Spore Crawler  
  43  7:30  Spore Crawler  
  43  7:33  Lair  
  38  7:39  Queen  
  40  7:51  Drone x9  
  41  7:57  Baneling x9  
  41  7:58  Baneling  
  49  8:25  Zergling x2  
  49  8:26  Zergling x16  
  50  8:34  Spore Crawler  
  48  9:05  Drone x5  
  48  9:06  Drone  
  54  9:11  Hydralisk Den  
  54  9:15  Baneling x5  
  54  9:16  Overlord x2  
  53  9:31  Spawning Pool  
  53  9:33  Overlord  
  53  9:34  Overlord  
  44  9:48  Hydralisk  
  44  9:49  Hydralisk x5  
  56  9:53  Extractor  
  55  10:03  Overlord  
  55  10:07  Muscular Augments  
  55  10:10  Hydralisk x3  
  61  10:27  Hydralisk  
  61  10:28  Hatchery, Hydralisk x4  
  66  10:43  Zergling x10  
  71  11:00  Overlord x2  
  71  11:03  Drone x3  
  67  11:21  Hydralisk x2, Zergling x2  
  72  11:26  Hatchery  
  71  11:38  Drone  
  71  11:39  Drone x6  
  78  11:40  Evolution Chamber x2  
  76  11:53  Hydralisk x3  
  82  11:57  Overlord  
  82  12:12  Extractor  
  82  12:14  Hydralisk  
  82  12:15  Hydralisk x3  
  89  12:18  Spore Crawler  
  88  12:28  Overlord  
  86  12:37  Overseer  
Show
View Real Time Build Order
Export as new Build Order

Tenonee Zerg 

Build Orders: Hatch First, Lurkers 

Get SALT Encoding   

  12  0:01  Drone  
  13  0:09  Drone  
  14  0:18  Overlord  
  14  0:26  Extractor  
  13  0:28  Extractor  
  13  0:29  Drone x2  
  16  0:39  Drone  
  17  0:55  Hatchery  
  16  1:01  Drone  
  16  1:02  Extractor  
  16  1:17  Spawning Pool  
  15  1:27  Drone x3  
  18  1:51  Overlord  
  18  2:00  Drone x2  
  20  2:05  Metabolic Boost  
  20  2:14  Queen  
  22  2:16  Queen  
  24  2:24  Zergling x2  
  24  2:25  Zergling x2  
  26  2:32  Drone x2  
  26  2:33  Drone  
  29  2:39  Zergling x2  
  30  2:46  Overlord  
  30  2:48  Zergling x2  
  31  2:55  Queen  
  32  3:11  Drone x4  
  35  3:24  Zergling x10  
  35  3:25  Zergling x2  
  40  3:29  Drone x3  
  40  3:30  Drone  
  42  3:58  Drone x2  
  42  4:00  Overlord x2  
  44  4:04  Hatchery  
  44  4:09  Zergling x2  
  44  4:12  Spine Crawler  
  44  4:14  Spine Crawler  
  42  4:22  Zergling x2  
  42  4:23  Zergling x6  
  42  4:24  Drone x2  
  42  4:36  Queen  
  44  4:41  Drone x3  
  44  4:43  Lair  
  44  4:45  Extractor  
  46  4:57  Zergling x2  
  46  4:58  Zergling x10  
  43  5:24  Zergling x2  
  43  5:25  Zergling x12  
  49  5:31  Queen  
  51  5:36  Extractor  
  51  5:37  Extractor  
  51  5:41  Spire  
  48  5:49  Drone x2  
  50  5:50  Drone x2  
  50  5:51  Drone x2  
  39  6:28  Queen  
  41  6:37  Drone  
  41  6:38  Drone x9  
  48  6:54  Mutalisk, Spine Crawler  
  48  6:55  Mutalisk x5  
  59  7:07  Spine Crawler  
  53  7:23  Queen  
  49  7:37  Drone x4  
  50  7:39  Drone x5  
  50  7:42  Extractor  
  56  7:44  Extractor  
  55  7:56  Zergling x2  
  56  7:59  Zergling x2  
  56  8:03  Drone  
  56  8:04  Drone x5  
  63  8:07  Zergling x4  
  63  8:10  Overlord x2  
  65  8:28  Queen  
  65  8:32  Queen  
  69  8:43  Drone x4  
  69  8:44  Drone x4  
  69  8:45  Zergling x2  
  69  8:46  Zergling x6  
  81  8:51  Zerg Flyer Weapons Level 1  
  81  8:52  Baneling Nest  
  79  8:56  Hydralisk Den  
  78  9:12  Hatchery  
  77  9:26  Hydralisk x2  
  77  9:27  Hydralisk  
  77  9:30  Overlord x2  
  77  9:31  Overlord  
  81  9:46  Hatchery  
  80  10:01  Extractor x2  
  78  10:20  Burrow  
  78  10:22  Lurker Den  
  78  10:27  Queen  
  80  10:31  Overlord x2  
  80  10:32  Hydralisk  
  80  10:33  Hydralisk x7  
  80  10:34  Hydralisk x4  
  104  10:40  Overlord x3  
  102  11:06  Infestation Pit  
  97  11:15  Drone  
  97  11:16  Drone x6  
  104  11:37  Overlord x3  
  104  11:53  Lurker x5  
  104  11:54  Lurker x6  
  112  11:55  Lurker x4  
  119  12:19  Drone x10  
  119  12:20  Drone x12  
Show
View Real Time Build Order
Export as new Build Order

Bob Zerg 

Build Orders:  

Get SALT Encoding   

Show
View Real Time Build Order
Export as new Build Order

Khronus Zerg 

Build Orders:  

Get SALT Encoding   

Tags
 
Add a new tag
Caveats
  • Supply blocks, unpowered buildings, or Contaminate may cause inaccurate times.
  • Supply counts are checked every 10 seconds.